 Dungeon Crawl Stone Soup version 0.21.1-1-g345015f (webtiles) character file.

79 goulibeur the Distorting Demonspawn (level 4, -1/35 HPs)
             Began as a Demonspawn Abyssal Knight on June 18, 2018.
             Was a Believer of Lugonu.
             Succumbed to an adder's poison
             ... on level 2 of the Dungeon.
             The game lasted 00:05:42 (1867 turns).

goulibeur the Distorting Demonspawn (DsAK)          Turns: 1867, Time: 00:05:42

Health: -1/35      AC:  3    Str: 12    XL:     4   Next: 16%
Magic:  7/7        EV: 13    Int: 14    God:    Lugonu [**....]
Gold:   77         SH:  0    Dex: 13    Spells: 3/3 levels left

rFire    . . .     SeeInvis .   a - +1 short sword
rCold    . . .     Gourm    .   (no shield)
rNeg     . . .     Faith    .   b - +0 leather armour
rPois    .         Spirit   .   (no helmet)
rElec    .         Reflect  .   (no cloak)
rCorr    .         Harm     .   (no gloves)
MR       .....                  (no boots)
Stlth    ++........             (no amulet)
HPRegen  0.11/turn              h - +1 ring of evasion
MPRegen  0.10/turn              (no ring)

@: lethally poisoned (-1 -> -18), flying
A: claws 1, nightstalker 1, powered by death 1
a: Depart the Abyss, Bend Space, Renounce Religion


You were on level 2 of the Dungeon.
You worshipped Lugonu.
Lugonu was pleased with you.
You were not hungry.

You visited 1 branch of the dungeon, and saw 2 of its levels.
You visited the Abyss 1 time.

You collected 77 gold pieces.

Inventory:

Hand Weapons
 a - a +1 short sword (weapon)
Armour
 b - a +0 leather armour (worn)
Jewellery
 h - a +1 ring of evasion (left claw)
Scrolls
 e - 2 scrolls of teleportation {unknown}
 i - 2 scrolls of enchant armour {unknown}
 k - a scroll of enchant weapon {unknown}
Potions
 g - a potion of cancellation
 j - a potion of heal wounds {unknown}
 l - a potion of agility {unknown}
Comestibles
 c - 2 rations
 d - 2 chunks of flesh


   Skills:
 + Level 3.4 Fighting
 - Level 1.7 Short Blades
 + Level 2.3 Armour
 + Level 1.7 Dodging
 * Level 4.1 Invocations


You had 3 spell levels left.
You didn't know any spells.

Dungeon Overview and Level Annotations

Branches:
Dungeon (2/15)

Altars:
The Shining One


Innate Abilities, Weirdness & Mutations

You have sharp fingernails.
You are slightly more attuned to the shadows.
You regenerate a little health from kills.


Message History

The adder barely misses you.
You closely miss the adder.
The adder is moderately wounded.
* * * LOW HITPOINT WARNING * * *
You feel sick. The adder misses you.
You hit the adder.
The adder is heavily wounded.
* * * LOW HITPOINT WARNING * * *
You feel sick. The adder bites you.
* * * LOW HITPOINT WARNING * * *
You are more poisoned.
The adder poisons you!
It was a potion of cancellation.
You feel magically purged.
* * * LOW HITPOINT WARNING * * *
You feel sick. The adder completely misses you.
The adder bites you but does no damage.
It was a potion of flight.
You feel very buoyant.
You fly up into the air.
You die...

################
#...........S@.#
#.############.#
####.####### #.#
...........# #.#
####.#####.# #.#
.........#.# #.#
####.###.#.# #.#
.......#.#.# #.#
####.#.#.#.# #.#


You could see an adder.

Vanquished Creatures
  An adder (D:2)
  2 oozes
  A worm (D:2)
  2 dart slugs
  2 leopard geckos (D:2)
  A ball python (D:2)
  9 bats
  2 giant cockroaches
  10 goblins
  4 hobgoblins
  2 jackals (D:1)
  5 kobolds
  2 frilled lizards (D:2)
  3 rats
46 creatures vanquished.

Notes
Turn   | Place    | Note
-------+----------+-------------------------------------------
     0 | Abyss:1  | goulibeur the Demonspawn Abyssal Knight began the quest for the Orb.
     0 | Abyss:1  | Reached XP level 1. HP: 18/18 MP: 2/2
     9 | Abyss:1  | Found a corrupted altar of Lugonu.
    50 | Abyss:1  | Noticed a starcursed mass
    50 | D:1      | Escaped the Abyss
   141 | D:1      | Reached skill level 1 in Dodging
   289 | D:1      | Reached * piety under Lugonu
   289 | D:1      | Gained mutation: You are slightly more attuned to the shadows. [demonic ancestry]
   289 | D:1      | Reached XP level 2. HP: 21/24 MP: 4/4
   324 | D:1      | Reached skill level 3 in Invocations
   794 | D:1      | Gained mutation: You regenerate a little health from kills. [demonic ancestry]
   794 | D:1      | Reached XP level 3. HP: 28/29 MP: 5/5
  1388 | D:2      | Reached skill level 4 in Invocations
  1425 | D:2      | Reached ** piety under Lugonu
  1562 | D:2      | Gained mutation: You have sharp fingernails. [demonic ancestry]
  1562 | D:2      | Reached XP level 4. HP: 35/35 MP: 7/7
  1638 | D:2      | Found a glowing golden altar of the Shining One.
  1866 | D:2      | HP: 1/35 [poisoned by an adder]
  1867 | D:2      | Succumbed to an adder's poison

Skill      XL: |  1  2  3 |
---------------+----------+-----
Dodging        | 1 |  1.7
Armour         | 2 |  2.3
Invocations    | 3 4 |  4.1
Fighting       | |  3.4
Short Blades   | |  1.7

Action                   |  1- 3 |  4- 6 || total
-------------------------+-------+-------++-------
Melee: Short sword       |   141 |    36 ||   177
Invok: Depart the Abyss  |     1 |       ||     1
  Use: Potion            |       |     2 ||     2
 Stab: Sleeping          |     8 |     1 ||     9
       Distracted        |       |     1 ||     1
  Eat: Chunk             |     2 |     1 ||     3
Armor: Leather armour    |    36 |     4 ||    40
Dodge: Dodged            |    89 |    19 ||   108
